Cogmind - Beta 13 @@@ ROGUE MODE // 2024.03.31 @ 21:56:48 Player: Ulinator001 Result: Destroyed by S-27 Virus with Autogun Performance ------------- Evolutions (4) 2000 Regions Visited (6) 1200 Robots Destroyed (42) 210 Value Destroyed (1434) 1434 Prototype IDs (1) 20 Alien Tech Used (0) 0 Bonus (500) 500 TOTAL SCORE: 5364 Bonus ------- Entered DSFs 500 Cogmind --------- Core Integrity 0/850 Matter 172/300 Energy 100/100 System Corruption 0% Temperature Cool (0) Movement Walking (130) Location -6/Factory Parts ------- > --- POWER (3) -------- (None) > --- PROPULSION (3) --- Improved Titanium Leg Improved Titanium Leg Improved Titanium Leg > --- UTILITY (6) ------ (None) > --- WEAPON (3) ------- (None) > --- INVENTORY (5) ---- Light Treads Improved Treads Improved Sensor Array Heavy Assault Rifle Peak State ------------ > --- POWER ------------ Light Deuterium Engine Micro Nuclear Core > --- PROPULSION ------- Compact Wheel Armored Huge Wheel > --- UTILITY ---------- Small Matter Pod Kinecellerator ECM Suite Improved Light Armor Plating Reactive Plating > --- WEAPON ----------- Shotgun Heavy Machine Gun Advanced Assault Cannon > --- INVENTORY -------- Light Ion Engine Light Treads Improved Treads Improved Sensor Array Heavy Assault Rifle [Rating: 39] Favorites ----------- Power Light Ion Engine Engine Light Ion Engine Power Core Micro Nuclear Core Propulsion Aluminum Leg Treads Improved Treads Leg Aluminum Leg Wheel Wheel Flight Unit VTOL Module Utility Small Matter Pod Device Heat Sink Storage Small Matter Pod Processor Terrain Scan Processor Protection Improved Light Armor Plating Weapon Heavy Assault Rifle Ballistic Gun Heavy Assault Rifle Ballistic Cannon Advanced Assault Cannon Launcher EMP Blaster Build | -11 -10 -9 -8 -7 -7 -6 ------- Run | Yrd Mat Mat Mat Fac DSF Fac Slots Evolved 8 | . . 2 2 2 . 2 Power 2 | . . 1 . . . 1 Propulsion 1 | . . . 1 . . . Utility 4 | . . 1 1 1 . 1 Weapon 1 | . . . . 1 . . Parts Attached 72 | 5 17 17 18 2 6 7 Power 12 | 1 4 1 3 1 1 1 Engine 11 | 1 4 1 3 . 1 1 Core 1 | . . . . 1 . . Reactor . | . . . . . . . Propulsion 23 | 2 4 8 3 . 2 4 Treads 1 | . . 1 . . . . Leg 9 | . . 2 3 . . 4 Wheel 11 | 2 4 3 . . 2 . Hover . | . . . . . . . Flight 2 | . . 2 . . . . Utility 20 | 1 3 3 9 . 2 2 Device 9 | 1 2 2 1 . 2 1 Storage 1 | . . . 1 . . . Processor 2 | . 1 . 1 . . . Hackware . | . . . . . . . Protection 8 | . . 1 6 . . 1 Artifact . | . . . . . . . Weapon 17 | 1 6 5 3 1 1 . Energy Gun . | . . . . . . . Energy Cannon . | . . . . . . . Ballistic Gun 15 | 1 6 4 3 . 1 . Ballistic Cannon 1 | . . . . 1 . . Launcher 1 | . . 1 . . . . Special Weapon . | . . . . . . . Impact Weapon . | . . . . . . . Slashing Weapon . | . . . . . . . Piercing Weapon . | . . . . . . . Special Melee Weapon . | . . . . . . . Unidentified Prototypes 1 | . . 1 . . . . Parts Lost 25 | . . 4 3 . 5 13 Power 5 | . . . 1 . 2 2 Propulsion 4 | . . 1 . . . 3 Utility 11 | . . 1 2 . 2 6 Weapon 5 | . . 2 . . 1 2 Highest Loss Streak 11 | . . 2 2 . 3 11 To Critical Strikes 2 | . . 2 . . . . Average Slot Usage (%) 85 | . 87 90 96 87 82 21 Engine 14 | . 14 19 17 12 7 2 Leg 14 | . . 16 26 23 2 5 Wheel 8 | . 27 4 . . 13 3 Device 8 | . 20 10 2 . 6 3 Storage 3 | . . . 8 7 7 . Processor 7 | . 4 11 8 7 2 . Protection 8 | . . 7 13 15 13 3 Ballistic Gun 17 | . 19 20 18 15 13 . Naked Turns 33 | . . . . . . 33 Heaviest Build 45 | 6 9 24 30 39 45 38 Greatest Support 60 | 20 20 23 47 47 47 60 Greatest Overweight (x) 4 | . 2 4 1 . 2 1 Average Overweight (x) . | . . . . . . . Largest Inventory Capacity 5 | 5 5 5 5 5 5 5 Average Capacity 5 | 5 5 5 5 5 5 5 Most Carried 5 | 3 5 5 5 5 5 5 Average Carried 4 | 2 4 4 4 4 4 4 Final Capacity 5 | 5 5 5 5 5 5 5 Final Carried 5 | 3 5 5 4 5 5 4 Class Distribution -------------------- 59% | Scavenger-Mutant 32% | Mutant 5% | Tank Dominant Class ---------------- Mutant | -10/Materials Scavenger-Mutant | -9/Materials Scavenger-Mutant | -8/Materials Scavenger-Tank | -7/Factory Tank | -7/DSF Mutant | -6/Factory Resources | -11 -10 -9 -8 -7 -7 -6 ----------- Run | Yrd Mat Mat Mat Fac DSF Fac Matter Collected 1558 | 266 151 302 707 . 59 73 Remotely 6 | . . . . . . 6 Salvage Created 1562 | 31 196 321 686 . 190 138 Parts 89 | 3 14 21 37 . 8 6 Haulers Intercepted . | . . . . . . . Recyclers Shooed 1 | . . 1 . . . . Parts Field Recycled . | . . . . . . . Retrieved Matter . | . . . . . . . Parts Self-Destructed . | . . . . . . . Prevented . | . . . . . . . Kills | -11 -10 -9 -8 -7 -7 -6 ------- Run | Yrd Mat Mat Mat Fac DSF Fac Combat Hostiles Destroyed 37 | 1 6 7 15 . 6 2 Melee 1 | . . . . . . 1 Guns 31 | 1 6 5 15 . 3 1 Cannons 3 | . . . . . 3 . AOE 2 | . . 2 . . . . Classes Destroyed 9 | 1 1 4 2 . 1 . Worker 1 | . . 1 . . . . Recycler 1 | . . 1 . . . . Watcher 3 | . . 2 1 . . . Swarmer 13 | . 2 3 3 . 4 1 Grunt 14 | 1 4 3 5 . . 1 Brawler 1 | . . . 1 . . . Sentry 6 | . . 1 5 . . . Specialist 2 | . . . . . 2 . Hunter 1 | . . . 1 . . . Best Kill Streak 6 | 1 2 4 3 . 6 1 Combat Bots Only 6 | 1 2 2 3 . 6 1 Max Kills in Single Turn 2 | 1 1 2 1 . 1 1 Gunslinging . | . . . . . . . Exploded 2 | . . 2 . . . . Melee 1 | . . . . . . 1 Uniques/NPCs Destroyed . | . . . . . . . Combat | -11 -10 -9 -8 -7 -7 -6 -------- Run | Yrd Mat Mat Mat Fac DSF Fac Hostile Shots Fired 465 | 7 29 71 116 . 73 169 Missed 144 | 3 7 21 31 . 27 55 Damage Taken 4463 | 43 225 505 1080 . 795 1815 Core 1166 | 20 43 70 83 . 95 855 Absorbed by Shields 157 | . . 96 61 . . . Redirected to Shielding 182 | . . . 80 . . 102 Ignored by Resistances 297 | . . . 7 . 223 67 Regen/Repaired (Parts) 152 | . 34 9 109 . . . Core Remaining (%) 83 | 92 74 82 84 . 86 . Volleys Fired 147 | 6 21 32 65 . 15 8 Largest 3 | 1 2 2 2 . 3 2 Hottest 101 | 20 40 56 46 . 101 78 Shots Fired 279 | 6 29 57 130 . 45 12 Gun 253 | 6 29 54 130 . 30 4 Cannon 23 | . . . . . 15 8 Launcher 3 | . . 3 . . . . Special . | . . . . . . . Kinetic 276 | 6 29 54 130 . 45 12 Thermal . | . . . . . . . Explosive . | . . . . . . . Electromagnetic 3 | . . 3 . . . . Robot Hit Streak 11 | 2 11 7 10 . 8 4 Robot Miss Streak 7 | 1 2 5 3 . 7 5 Penetration Max . | . . . . . . . Secondary Targets . | . . . . . . . Shots Hit Robots 169 | 4 21 29 88 . 25 2 Core Hits 82 | 2 10 15 36 . 11 8 Critical Kills . | . . . . . . . Critical Parts Destroyed 1 | . . . 1 . . . Critical Strikes 3 | . . . 1 . 2 . Destroy 1 | . . . 1 . . . Blast 2 | . . . . . 2 . Melee Attacks . | . . . . . . . Impact . | . . . . . . . Slashing . | . . . . . . . Piercing . | . . . . . . . Sneak Attacks . | . . . . . . . Combat Hostiles . | . . . . . . . Follow-up Attacks . | . . . . . . . Damage Inflicted 2741 | 49 231 546 1224 . 536 155 Guns 2275 | 49 231 431 1218 . 294 52 Cannons 304 | . . . . . 242 62 Explosions 115 | . . 115 . . . . Melee . | . . . . . . . Ramming 47 | . . . 6 . . 41 Kinetic 2579 | 49 231 431 1218 . 536 114 Thermal . | . . . . . . . Explosive . | . . . . . . . Electromagnetic 115 | . . 115 . . . . Impact . | . . . . . . . Slashing . | . . . . . . . Piercing . | . . . . . . . Highest Corruption 2 | . . 1 2 . . . Average Corruption 1 | . . 1 1 . . . Corruption Purged . | . . . . . . . Corruption Blocked . | . . . . . . . Effects 10 | . . 1 9 . . . Message Errors 1 | . . . 1 . . . Matter Fused 5 | . . . 5 . . . Heat Flow Errors 1 | . . . 1 . . . Energy Discharges 1 | . . . 1 . . . Data Loss (minor) 1 | . . . 1 . . . Misfires 1 | . . 1 . . . . Overload Shots . | . . . . . . . Overflow Damage 29 | . . . . . 29 . Projectiles 29 | . . . . . 29 . Explosions . | . . . . . . . Melee . | . . . . . . . Knockbacks 6 | . . . . . 4 2 Impact 1 | . . . . . . 1 Kinetic 5 | . . . . . 4 1 Secondary . | . . . . . . . Self-Inflicted Damage 45 | . . 27 . . . 18 Shots 3 | . . 3 . . . . Rammed 6 | . . . . . . 6 Targets Rammed 7 | . . . 1 . . 6 Kicked 1 | . . . 1 . . . Crushed . | . . . . . . . Highest Temperature 274 | . . 12 274 . . 61 Average Temperature 32 | . . 5 37 . . 24 Received Heat Transfer 1013 | 24 90 204 419 . . 276 Siege Activations . | . . . . . . . Robots Corrupted . | . . . . . . . Combat Hostiles . | . . . . . . . Parts Fried 1 | . . 1 . . . . Impact Corruptions . | . . . . . . . Robots Melted . | . . . . . . . Combat Hostiles . | . . . . . . . Parts Melted . | . . . . . . . Heat Transferred . | . . . . . . . Parts Sabotaged . | . . . . . . . Parts Stolen . | . . . . . . . Parts Stripped . | . . . . . . . Power Chain Reactions . | . . . . . . . Alert | -11 -10 -9 -8 -7 -7 -6 ------- Run | Yrd Mat Mat Mat Fac DSF Fac Peak Influence 308 | 20 133 184 308 90 198 159 Initial 88 | . 13 15 37 85 63 88 Average 99 | 3 71 31 170 89 105 119 Maximum Alert Level 1 | . . . 1 . . . Low Security (%) 84 | 100 100 100 53 100 100 100 Level 1 15 | . . . 46 . . . Level 2 . | . . . . . . . Level 3 . | . . . . . . . Level 4 . | . . . . . . . Level 5 . | . . . . . . . High Security . | . . . . . . . Max Security . | . . . . . . . Squads Dispatched 5 | . 1 . 2 . 2 . Investigation 3 | . 1 . 2 . . . Extermination . | . . . . . . . Reinforcement 2 | . . . . . 2 . Assault . | . . . . . . . Garrison . | . . . . . . . Intercept . | . . . . . . . Searches Triggered . | . . . . . . . Construction Impeded . | . . . . . . . Haulers Reinforced . | . . . . . . . Active Scanning Responses . | . . . . . . . Cargo Convoy Interrupts . | . . . . . . . Stealth | -11 -10 -9 -8 -7 -7 -6 --------- Run | Yrd Mat Mat Mat Fac DSF Fac Distress Signals 3 | . . . 3 . . . Communications Jammed . | . . . . . . . Distress Signals . | . . . . . . . Times Spotted 80 | 1 10 16 26 . 12 15 Peak Tracking Total 8 | 1 3 4 7 . 4 8 Tactical Retreats 15 | . . 3 3 . 4 5 Traps | -11 -10 -9 -8 -7 -7 -6 ------- Run | Yrd Mat Mat Mat Fac DSF Fac Traps Triggered 5 | . 5 . . . . . Indirectly . | . . . . . . . Trap Hack Attempts . | . . . . . . . Triggered . | . . . . . . . Disarmed . | . . . . . . . Reprogrammed . | . . . . . . . Reused . | . . . . . . . Traps Extracted . | . . . . . . . Installed . | . . . . . . . Triggered . | . . . . . . . Machines | -11 -10 -9 -8 -7 -7 -6 ---------- Run | Yrd Mat Mat Mat Fac DSF Fac Machines Disabled 9 | . . 2 1 . 1 5 Max in Single Turn 1 | . . 1 1 . 1 1 Machines Repaired . | . . . . . . . Machines Dismantled . | . . . . . . . Machines Sabotaged . | . . . . . . . Overloaded Fab Kills . | . . . . . . . Hacking | -11 -10 -9 -8 -7 -7 -6 --------- Run | Yrd Mat Mat Mat Fac DSF Fac Machines Accessed 14 | . 5 3 5 1 . . Terminals 8 | . 4 1 2 1 . . Fabricators . | . . . . . . . Repair Stations 4 | . 1 1 2 . . . Recycling Units 1 | . . . 1 . . . Scanalyzers 1 | . . 1 . . . . Garrison Access . | . . . . . . . Total Hacks 36 | . 9 10 16 1 . . Successful 26 | . 8 7 10 1 . . Failed 10 | . 1 3 6 . . . Catastrophic . | . . . . . . . Database Lockouts . | . . . . . . . Manual 3 | . . . 3 . . . Terminals 19 | . 7 4 7 1 . . Fabricators . | . . . . . . . Repair Stations 11 | . 2 2 7 . . . Recycling Units 2 | . . . 2 . . . Scanalyzers 4 | . . 4 . . . . Garrison Access . | . . . . . . . Terminal Hacks 13 | . 6 1 5 1 . . Record 8 | . 4 . 4 . . . Open DSF 1 | . . . . 1 . . Level Access Points 1 | . 1 . . . . . Alert Level 2 | . 1 . 1 . . . Unreport Threat 1 | . . 1 . . . . Fabricator Hacks . | . . . . . . . Repair Station Hacks 7 | . 2 2 3 . . . Scan Component 4 | . 1 1 2 . . . Repair 3 | . 1 1 1 . . . Recycling Unit Hacks 2 | . . . 2 . . . Recycle Component 1 | . . . 1 . . . Retrieve Matter 1 | . . . 1 . . . Scanalyzer 4 | . . 4 . . . . Insert Component 2 | . . 2 . . . . Analyze 2 | . . 2 . . . . Garrison Access Hacks . | . . . . . . . Unauthorized Hacks . | . . . . . . . Terminals . | . . . . . . . Fabricators . | . . . . . . . Repair Stations . | . . . . . . . Recycling Units . | . . . . . . . Scanalyzers . | . . . . . . . Garrison Access . | . . . . . . . Data Cores Recovered . | . . . . . . . Used . | . . . . . . . Hacking Detections 10 | . 4 2 4 . . . Full Trace Events 3 | . . 1 2 . . . Feedback Events . | . . . . . . . Feedback Blocked . | . . . . . . . Robot Schematics Acquired . | . . . . . . . Robots Built . | . . . . . . . Authchips . | . . . . . . . Time . | . . . . . . . Total Robot Build Rating . | . . . . . . . Part Schematics Acquired 1 | . . 1 . . . . Parts Built . | . . . . . . . Authchips . | . . . . . . . Time . | . . . . . . . Total Part Build Rating . | . . . . . . . Parts Repaired 3 | . 1 1 1 . . . Time 77 | . 26 32 19 . . . Parts Recycled 1 | . . . 1 . . . Recycled Matter . | . . . . . . . Retrieved Matter . | . . . . . . . Retrieved Components . | . . . . . . . Parts Scanalyzed 1 | . . 1 . . . . Part Schematics Acquired 1 | . . 1 . . . . Parts Damaged . | . . . . . . . Bothacking | -11 -10 -9 -8 -7 -7 -6 ------------ Run | Yrd Mat Mat Mat Fac DSF Fac Used RIF Installer . | . . . . . . . Robots Hacked . | . . . . . . . Non-combat . | . . . . . . . Combat . | . . . . . . . Robot Hacks Applied . | . . . . . . . Relay Couplers Released . | . . . . . . . Fabnet Peak Effective % . | . . . . . . . Robots Rewired . | . . . . . . . Allies Hacked . | . . . . . . . Hacks Repelled . | . . . . . . . Allies | -11 -10 -9 -8 -7 -7 -6 -------- Run | Yrd Mat Mat Mat Fac DSF Fac Total Allies . | . . . . . . . Largest Group . | . . . . . . . Highest-Rated Group . | . . . . . . . Highest-Rated Ally . | . . . . . . . Total Orders . | . . . . . . . Ally Attacks . | . . . . . . . Total Damage . | . . . . . . . Kills . | . . . . . . . Allies Corrupted . | . . . . . . . Allies Melted . | . . . . . . . Intel | -11 -10 -9 -8 -7 -7 -6 ------- Run | Yrd Mat Mat Mat Fac DSF Fac Robot Analysis Total . | . . . . . . . Derelict Logs Recovered . | . . . . . . . Drone Launches . | . . . . . . . Drone Recoveries . | . . . . . . . Exploration | -11 -10 -9 -8 -7 -7 -6 ------------- Run | Yrd Mat Mat Mat Fac DSF Fac Turns Passed 2564 | 85 514 599 845 103 213 205 Spaces Moved 1801 | 86 520 307 482 82 148 176 Core 105 | 20 5 . . . . 80 Treads 1 | . . 1 . . . . Legs 851 | . . 223 482 82 11 53 Wheels 840 | 66 515 79 . . 137 43 Hover . | . . . . . . . Flight 4 | . . 4 . . . . Fastest Speed 50 | 50 50 80 120 123 100 50 Average Speed 105 | 73 80 135 123 123 103 84 Slowest Speed 355 | 80 150 355 200 123 270 130 Overloaded Moves . | . . . . . . . Propulsion Burnouts . | . . . . . . . Robots Hopped . | . . . . . . . Cave-ins Triggered . | . . . . . . . Exploration Rate (%) 31 | 9 59 29 33 2 78 8 Regions Visited 6 Branch Regions . Pre-discovered Areas . | . . . . . . . Known Exits Taken 2 | . 1 . . 1 . . Unknown Exits Taken 3 | 1 . 1 1 . . . Scrap Searched . | . . . . . . . Spaces Dug . | . . . . . . . Terrain Destroyed 1 | . . . . . . 1 Melee . | . . . . . . . Projectile 1 | . . . . . . 1 AOE . | . . . . . . . Terrain Rammed . | . . . . . . . Walls Destroyed . | . . . . . . . Machines Disabled . | . . . . . . . Actions | -11 -10 -9 -8 -7 -7 -6 --------- Run | Yrd Mat Mat Mat Fac DSF Fac Total 2201 | 99 588 432 607 83 174 218 Wait 113 | . 9 61 21 . 1 21 Move 1795 | 85 519 306 481 81 147 176 Hop . | . . . . . . . Pick Up 30 | 3 12 8 6 . 1 . Fast Attach 49 | 5 13 5 15 1 4 6 Attach 14 | . 1 7 3 . 2 1 Detach 3 | . . 1 1 . 1 . Swap 9 | . 3 5 . 1 . . Drop 34 | . 10 7 14 . 3 . Fire 147 | 6 21 32 65 . 15 8 Melee . | . . . . . . . Ram 6 | . . . . . . 6 Kick 1 | . . . 1 . . . Crush . | . . . . . . . Escape Stasis . | . . . . . . . Rewire . | . . . . . . . Trap . | . . . . . . . Miscellaneous . | . . . . . . . Route ------- -11/Scrapyard -10/Materials (discovered 3 exits: *Mat x3) -9/Materials -8/Materials -7/Factory -7/DSF -6/Factory History --------- Turn | Location | Event 2 | -11/Scrapyard | Met Revision 17 53 | -11/Scrapyard | Discovered new exit (range 8) 86 | -11/Scrapyard | Entered Materials 219 | -10/Materials | Repaired Assault Rifle 320 | -10/Materials | Discovered new exit (range 12) 512 | -10/Materials | Identified exit to Materials 600 | -10/Materials | Entered another Materials area 600 | -9/Materials | Evolved 2 slots: Power x1, Utility x1 1011 | -9/Materials | Discovered new exit (range 16) 1058 | -9/Materials | Build established: Scavenger-Mutant 1131 | -9/Materials | Repaired Shield Generator 1199 | -9/Materials | Entered another Materials area 1199 | -8/Materials | Evolved 2 slots: Propulsion x1, Utility x1 1738 | -8/Materials | Repaired Imp. Light Armor Plating 2038 | -8/Materials | Discovered new exit (range 3) 2044 | -8/Materials | Entered Factory 2044 | -7/Factory | Evolved 2 slots: Utility x1, Weapon x1 2056 | -7/Factory | Identified exit to DSF 2147 | -7/Factory | Entered DSF 2187 | -7/DSF | Additional patrols routed to DSF 2345 | -7/DSF | Discovered new exit (range 15) 2360 | -7/DSF | Entered Factory 2360 | -6/Factory | Evolved 2 slots: Power x1, Utility x1 2362 | -6/Factory | Lost 3 parts (1p1u1w) 2442 | -6/Factory | Core integrity fell below 50% 2468 | -6/Factory | Lost 11 parts (2p2n5u2w) 2489 | -6/Factory | Core integrity fell below 20% 2515 | -6/Factory | Spotted B-75 Beast 2565 | -6/Factory | Destroyed by S-27 Virus with Autogun Last Messages --------------- Slammed into G-50 Soldier. G-50 Soldier destroyed. [Achievement: Fist Fight] The achievement interface (ESC then open Records) offers an effective way to explore all of your earned achievements as well as seek out new goals for future runs. Acquired 67 matter. Acquired Carbon-fiber Leg. K-01 Serf cleans the Pressure Siphon. S-27 Virus destroyed. Carbon-fiber Leg destroyed. Acquired Lrn. Tractor Beam. Knocked back. Acquired 6 matter. Lrn. Tractor Beam destroyed. K-01 Serf destroyed. U-05 Engineer destroyed. Acquired Imp. Titanium Leg. [Achievement: 5k Club] Map ----- +----------------------------------------------------+ | ?????????????????????????????????????????????????? | | ?????????????????????????????????????????????????? | | ?????????????????????????????????????????????????? | | ?????????????????????????????????????????????????? | | ?????????????????????????????????????????????????? | | ?????????????????????????????????????????????????? | | ?????????????????????????????????????????????????? | | ?????????????????????????????????????????????????? | | ?????????????????????????????????????????????????? | | ?????????????????????????????????????????????????? | | ?????????????????????????????????????????????????? | | ???????????????????????? ????????????????????????? | | ???????????????????????? ????????????????????????? | | ???????????????????????? ????????????????????????? | | ???????????????????????? ????????????????????????? | | ???????????????????????" "???????????????????????? | | ???????????????????????" "???????????????????????? | | ??????????????????????? ???????????????????????? | | ??????????????????# """ "??? ?#?????????????????? | | ??????????????????# """ """ #?????????????????? | | ??????????????????# """ """ ##+##+????????????? | | ??????????????????# ???????????? | | ??????????????????# """ """ #???????????? | | ??????????????????# """ """ #???????????? | | ??????????????""" # """ """ #???????????? | | ??????????????""" + @ s #?????????????????? | | ?????????? # """s""" #?????????????????? | | ??????????????????# """ """ #?????????????????? | | ??????????????????# """ """ #?????????????????? | | ??????????????????# #?????????????????? | | ??????????????????# """ """ + ????????????????? | | ??????????????????#w """ """ # ???????????????? | | ??????????????????# """ """ #?????????????????? | | ??????????????????# #?????????????????? | | ??????????????????# """ #?????????????????? | | ??????????????????# """ #?????????????????? | | ??????????????????# """ #?????????????????? | | ??????????????????# #?????????????????? | | ??????????????????# """ """ #?????????????????? | | ??????????????????# """ """ #?????????????????? | | ??????????????????# """ """ #?????????????????? | | ??????????????????# #?????????????????? | | ??????????????????# """ """ #?????????????????? | | ??????????????????# """ """ #?????????????????? | | ??????????????????#! """ """ #?????????????????? | | ??????????????????#% *% #?????????????????? | | ??????????????????#= % """ #?????????????????? | | ???????????######## """ #?????????????????? | | ?????# ???? # """ #?????????????????? | | ?????# ???" """" # ]]= #?????????????????? | +----------------------------------------------------+ Best States ------------- Heat Dissipation 45 Energy Generation 24 Energy Capacity 315 Matter Stores 350 Matter Capacity 350 Sight Range 16 Robot Scan Range 15 Terrain Scan Density 85 ECM Strength 1 Armor Coverage 300 Resistance: KI 20 Core Shielding 30 Propulsion Shielding 66 Evasion (%) 55 Targeting Accuracy 5 Recoil Reduction 1 Kinecelleration 30 Item Schematics ----------------- EMP Blaster | -9/Materials | Scanalyzed Robot Schematics ------------------ None Fabricated ------------ Nothing Alien Tech Used ----------------- None Achievements -------------- 5k Club Crack Shot Everything Is Under Control Fist Fight Made in Tau Ceti IV Part-time Mechanic Risk Taker Challenges ------------ None Game ------ Seed TachyonShockInterrupter Manual? 0 Play Time 01:13:32 Cumulative 1.9 hours Start 2024.03.31 @ 20:41:29 End 2024.03.31 @ 21:56:48 Sessions 1 Manual Loads 0 Difficulty Rogue Special Mode None Game No. 3 Rogue 3 Adventurer 0 Explorer 0 Win Type - Total 0 Types 0/0/0/0/0/0/0/0/0 Lore% 1 Gallery% 3 Achievement% 4 Wizard Run 0 Options --------- Layout 1 ASCII 0 Keyboard 1 Movement Numpad Keybinds 0 Fullscreen 1 Font 24/Smallcaps Map View 50x35 Zoom Use 0% Tactical HUD 0 Map Filters NONE Filters NONE Steam 1 RUN: 44651249-c71d-4fee-91a3-48300f12f8f9